 Dungeon Crawl Stone Soup version 0.27-a0-797-g27d10ad80f (webtiles) character file.

Game seed: 1448886193313759246

942 polve the Slasher (level 7, -4/56 HPs)
             Began as a Demonspawn Abyssal Knight on Mar 27, 2021.
             Was a Priest of Lugonu.
             Slain by a gnoll
             ... wielding a +0 halberd
              (11 damage)
             ... on level 5 of the Dungeon.
             The game lasted 00:07:48 (3949 turns).

polve the Slasher (Demonspawn Abyssal Knight)       Turns: 3949, Time: 00:07:49

Health: -4/56      AC:  6    Str: 12      XL:     7   Next: 88%
Magic:  8/8        EV:  8    Int: 15 (16) God:    Lugonu [***...]
Gold:   254        SH:  4    Dex: 11 (12) Spells: 1/6 levels left

rFire    . . .     SeeInvis .   d - +1 falchion (pain)
rCold    . . .     Faith    .   (no shield)
rNeg     . . .     Spirit   .   c - +0 scale mail
rPois    .         Reflect  .   (no helmet)
rElec    .         Harm     .   (no cloak)
rCorr    .         Rampage  .   (no gloves)
Will     +....                  (boots unavailable)
Stlth    ..........             (no amulet)
HPRegen  1.18/turn              (no ring)
MPRegen  0.11/turn              (no ring)

@: mighty
A: hooves 3, condensation shield, deterioration 1, strong-willed 1, regeneration
1, wild magic 1
a: Renounce Religion, Depart the Abyss, Bend Space, Banish


You were on level 5 of the Dungeon.
You worshipped Lugonu.
Lugonu was most pleased with you.
You visited 1 branch of the dungeon, and saw 5 of its levels.
You visited the Abyss 1 time.

You collected 356 gold pieces.
You spent 102 gold pieces at shops.

Inventory:

Hand Weapons
 a - a +1 falchion
 d - a +1 falchion of pain (weapon)
Armour
 b - a +0 leather armour
 c - a +0 scale mail (worn)
 i - a scarf of invisibility
Wands
 g - a wand of charming (5)
 l - a wand of paralysis (4)
Scrolls
 e - a scroll of torment
 h - 2 scrolls of teleportation
 j - a scroll of enchant weapon {unknown}
 k - a scroll of silence {unknown}
 r - a scroll of identify
 s - a scroll of brand weapon {unknown}
Potions
 f - 5 potions of curing
 n - a potion of degeneration {unknown}
 o - a potion of haste {unknown}
 p - a potion of berserk rage {unknown}
 q - 2 potions of flight {unknown}


   Skills:
 + Level 5.2 Fighting
 + Level 5.9 Long Blades
 - Level 1.7 Armour
 - Level 0.8 Dodging
 + Level 5.2 Necromancy
 - Level 2.4 Invocations


You had one spell level left.
You knew the following spells:

 Your Spells              Type           Power      Damage    Failure   Level
a - Fireball              Conj/Fire      0%         3d3       100%        5

Your spell library contained the following spells:

 Spells                   Type           Power      Damage    Failure   Level
 Animate Skeleton         Necr           40%        N/A       22%         1
 Apportation              Tloc           0%         N/A       86%         1
 Corona                   Hex            0%         N/A       86%         1
 Magic Dart               Conj           0%         1d3       86%         1
 Summon Small Mammal      Summ           0%         N/A       86%         1
 Searing Ray              Conj           0%         3d3       95%         2
 Slow                     Hex            0%         N/A       95%         2
 Confusing Touch          Hex            0%         N/A       99%         3
 Dazzling Flash           Conj/Hex       0%         N/A       99%         3
 Gell's Gravitas          Tloc           0%         N/A       99%         3
 Ignite Poison            Fire/Tmut/Pois 0%         N/A       99%         3
 Inner Flame              Hex/Fire       0%         N/A       99%         3
 Portal Projectile        Hex/Tloc       0%         N/A       99%         3
 Cause Fear               Hex            0%         N/A       100%        4
 Fulminant Prism          Conj/Hex       0%         3d6       100%        4
 Iskenderun's Mystic Bla  Conj/Tloc      0%         2d3       100%        4
 Leda's Liquefaction      Hex/Erth       0%         N/A       100%        4
 Petrify                  Tmut/Erth      0%         N/A       100%        4
 Metabolic Englaciation   Hex/Ice        0%         N/A       100%        5
 Yara's Violent Unravell  Hex/Tmut       0%         3d3       100%        5
 Starburst                Conj/Fire      0%         8x6d3     100%        6
 Ignition                 Fire           0%         3d3       100%        8


Dungeon Overview and Level Annotations

Branches:
Dungeon (5/15)
 Temple: D:4-7

Altars:
Qazlal
Yredelemnul

Shops:
D:2 !   D:4 [(*


Innate Abilities, Weirdness & Mutations

You have hooves in place of feet.
A meltable shield of frost defends you. (SH +4)
Your body sometimes deteriorates upon taking damage.
You are strong-willed. (Will+)
Your natural rate of healing is unusually fast.
Your spells are a little harder to cast, but a little more powerful.


Message History

s - a scroll labelled QERENN ACAHYBURCH You open the door.
There is an open door here.
A gnoll comes into view. It is wielding a +0 club.
The gnoll sergeant shouts!
There is an open door here.
You hit the gnoll but do no damage.
The gnoll writhes in agony.
The gnoll is heavily wounded.
You hit the gnoll.
The gnoll writhes in agony.
Your kick misses the gnoll.
The gnoll is almost dead.
The gnoll sergeant hits you from afar with a +0 trident.
You hit the gnoll.
You kill the gnoll!
Lugonu accepts your kill.
The gnoll sergeant hits you from afar with a +0 trident!
Your body deteriorates!
You feel clumsy. You block the gnoll sergeant's attack.
You closely miss the gnoll sergeant.
The gnoll sergeant hits you with a +0 trident.
You hit the gnoll sergeant.
The gnoll sergeant writhes in agony.
The gnoll sergeant blocks your attack.
The gnoll sergeant is moderately wounded.
The gnoll sergeant hits you with a +0 trident!
Your body deteriorates!
You feel dopey.
The gnoll sergeant hits you from afar with a +0 trident.
You feel very mighty all of a sudden.
The gnoll sergeant hits you from afar with a +0 trident.
The gnoll sergeant hits you with a +0 trident.
The gnoll hits you from afar with a +0 halberd!
You slash the gnoll sergeant!
The gnoll sergeant writhes in agony.
The gnoll sergeant is severely wounded.
You block the gnoll sergeant's attack.
The gnoll hits you from afar with a +0 halberd!
You slash the gnoll sergeant!
You kill the gnoll sergeant!
Lugonu accepts your kill.
The gnoll hits you from afar with a +0 halberd!
* * * LOW HITPOINT WARNING * * *
The gnoll hits you with a +0 halberd!
You die...

##.#
#...#+#'######.#.##.#####.
.#.# #...#
#.######.#.##....... ##.#
##### #.)............###..
.#.# #......#.#.###.# #..
.#.# #.####.#.#.# #.###..
.#.# #g# #.#.#.# #......
.#.# #.# #.#.#.# #..###.
.#.# #.####.#.#.# #......
.#.# #.g@...#.#.# ##.####
.#.# ########.#.# #.# #
...# ..#.# #.# # #### #.#
# #.# #.# #.# #.#


You could see a gnoll.

Vanquished Creatures
  A necrophage (D:5)
  An ogre (D:5)
  Blork the orc (D:4)
  A kobold brigand (D:3)
  A gnoll sergeant (D:5)
  A water moccasin zombie (D:5)
  3 scorpions
  A hound (D:5)
  An orc priest (D:4)
  3 orc wizards
  Ijyb (D:4)
  A howler monkey skeleton (D:4)
  4 adders
  5 gnolls (D:5)
  2 ufetubi
  4 worms (D:2)
  A dart slug (D:3)
  10 orcs
  5 ball pythons
  8 bats
  8 endoplasms
  3 giant cockroaches
  9 goblins
  7 hobgoblins
  4 jackals (D:3)
  4 quokkas
  2 frilled lizards (D:1)
  4 kobolds
  A rat (D:2)
97 creatures vanquished.

Notes
Turn   | Place    | Note
-------+----------+-------------------------------------------
     0 | Abyss:1  | polve the Demonspawn Abyssal Knight began the quest for the
                  | Orb.
     0 | Abyss:1  | Reached XP level 1. HP: 18/18 MP: 2/2
    49 | Abyss:1  | Gained mutation: Your body sometimes deteriorates upon
                  | taking damage. [potion of mutation]
    49 | Abyss:1  | Gained mutation: You are strong-willed. (Will+) [potion of
                  | mutation]
    49 | Abyss:1  | Gained mutation: Your natural rate of healing is unusually
                  | fast. [potion of mutation]
    49 | Abyss:1  | Gained mutation: Your spells are a little harder to cast,
                  | but a little more powerful. [potion of mutation]
   105 | Abyss:1  | Noticed a blink frog
   106 | D:1      | Escaped the Abyss
   294 | D:1      | Gained mutation: You have large cloven feet. [demonic
                  | ancestry]
   294 | D:1      | Reached XP level 2. HP: 24/24 MP: 3/3
   322 | D:1      | Reached * piety under Lugonu
   873 | D:1      | Gained mutation: You have hoof-like feet. [demonic
                  | ancestry]
   873 | D:1      | Reached XP level 3. HP: 29/29 MP: 4/4
  1188 | D:2      | Found Uskog's Distillery.
  1215 | D:2      | Gained mutation: A meltable shield of frost defends you.
                  | (SH +4) [demonic ancestry]
  1215 | D:2      | Reached XP level 4. HP: 35/35 MP: 5/5
  1216 | D:2      | Reached skill level 1 in Necromancy
  1253 | D:2      | Reached ** piety under Lugonu
  1661 | D:2      | Gained mutation: You have hooves in place of feet. [demonic
                  | ancestry]
  1661 | D:2      | Reached XP level 5. HP: 40/41 MP: 6/6
  1691 | D:2      | Bought a potion of curing for 39 gold pieces
  1783 | D:3      | You fall into a shaft and drop 1 floor!
  1857 | D:4      | Noticed Ijyb
  1868 | D:4      | Killed Ijyb
  2163 | D:3      | Reached XP level 6. HP: 42/48 MP: 7/7
  2339 | D:3      | Found a stormy altar of Qazlal.
  2682 | D:4      | Learned a level 5 spell: Fireball
  2782 | D:4      | Found Xafec's Assorted Antiques.
  2800 | D:4      | Bought a black potion for 19 gold pieces
  2800 | D:4      | Bought a scroll labelled NONEF IREOF for 22 gold pieces
  2800 | D:4      | Bought a scroll labelled NONEF IREOF for 22 gold pieces
  2917 | D:4      | Found Vaghuose's Antique Weapon Shop.
  2952 | D:4      | Found Iwoefailo's Armour Shoppe.
  3116 | D:5      | Entered Level 5 of the Dungeon
  3117 | D:5      | Noticed Blork the orc
  3133 | D:4      | Killed Blork the orc
  3134 | D:4      | Reached skill level 5 in Long Blades
  3403 | D:5      | Reached XP level 7. HP: 48/55 MP: 8/8
  3757 | D:5      | HP: 2/55 [gnoll/+0 halberd (10)]
  3858 | D:5      | Found a basalt altar of Yredelemnul.
  3866 | D:5      | Reached *** piety under Lugonu
  3867 | D:5      | Reached skill level 5 in Fighting
  3867 | D:5      | Reached skill level 5 in Necromancy
  3949 | D:5      | Slain by a gnoll

Illustrated notes

Levels and vault maps discovered:
D:1:      dpeg_arrival_pits, layout_basic
D:2:      layout_loops_ring, serial_shops, nicolae_shop_waterfront
D:3:      layout_basic, marbit_many_paths
D:4:      layout_basic, serial_forest, infiniplex_forest_straight_5,
          infiniplex_forest_clump_tiny, infiniplex_forest_lined_2,
          infiniplex_forest_lined_2, infiniplex_forest_lined_corner,
          infiniplex_forest_lined_2, infiniplex_forest_lined_2,
          infiniplex_forest_straight_2, serial_shops, kennysheep_mini, shop,
          shop_coins, uniq_ijyb
D:5:      layout_basic, basic_altar, uniq_blork_the_orc

Skill      XL: |  1  2  3  4  5  6  7 |
---------------+----------------------+-----
Long Blades    | 2 3 4 5 |  5.9
Necromancy     | 2 3 4 5 |  5.2
Fighting       | 4 5 |  5.2
Armour         | |  1.7
Dodging        | |  0.8
Invocations    | |  2.4

Action                   |  1- 3 |  4- 6 |  7- 9 || total
-------------------------+-------+-------+-------++-------
Melee: Falchion          |    94 |   158 |    58 ||   310
       Kick              |    16 |    42 |    13 ||    71
Invok: Depart the Abyss  |     1 |       |       ||     1
  Use: Potion            |     3 |     1 |     2 ||     6
       Scroll            |       |     4 |       ||     4
Armor: Leather armour    |     3 |       |       ||     3
       Scale mail        |    45 |    79 |    13 ||   137
Dodge: Dodged            |    61 |    50 |    21 ||   132
Block: Other             |       |    25 |    11 ||    36
       Rpst.: Falchion   |    18 |    16 |     3 ||    37

Table legend: (Time is in decaauts)
 A = Elapsed time spent in this place.
 B = Non-inter-level travel time spent in this place.
 C = Inter-level travel time spent in this place.
 D = Time resting spent in this place.
 E = Time spent auto-exploring this place.
 F = Levels seen in this place.
 G = Mean time per level.
                   A        B        C        D        E       F      G
               +--------+--------+--------+--------+--------+-----+--------+
         Total |   3987 |   3815 |    172 |     39 |   3037 |   6 |  664.5 |
       Dungeon |   3881 |   3709 |    172 |      0 |   2977 |   5 |  776.2 |
         Abyss |    106 |    106 |      0 |     39 |     60 |   1 |  106.0 |
               +--------+--------+--------+--------+--------+-----+--------+

Top non-repeatable levels by time:
     D:4: 911 daAuts
     D:1: 906 daAuts
     D:5: 775 daAuts
     D:2: 714 daAuts
     D:3: 573 daAuts
 Abyss:1: 106 daAuts
